cohdb
Replays
Latest Replays
All Replays
Popular Replays
Top Player Replays
Match Explorer
How It Works
Community
CoH3 Stats
Reddit
Sign in to upload your games and track your stats! →
Sign in with Steam
Match 41443515
Unlisted
Match 41443515
Overview
Messages
Build Orders
End
Pioneer Squad
Construct Infanterie Kompanie
MG 42 Machine Gun Team
Grenadier Squad
MG 42 Machine Gun Team
Grenadier Squad
Construct Panzergrenadier Kompanie
Pak 40 Anti-tank Gun Team
Panzergrenadier Squad
Panzergrenadier Squad
Panzergrenadier Officer Quarters
Medical Station
Construct Panzer Kompanie
Selects Luftwaffe Battlegroup
Selects Luftwaffe Pioneer Support
Selects Flak 38 Anti-Air Emplacement
Selects Infantry Reserves
Selects Stuka Strafing Run
Stuka Strafing Run
Pioneer Squad
Panzer IV Medium Tank
Selects Fallschirmjäger Squad Paradrop
Stoßtruppen Squad
Stuka Strafing Run
Pioneer Squad
Panzer IV Medium Tank
Selects Stuka Loiter
Pioneer Squad
Pak 40 Anti-tank Gun Team
Nubbl0r
JULIUS
0
0
Comments
sign in to comment!
No comments posted yet!